 Dungeon Crawl Stone Soup version 0.21-a0-509-gecc5317 (webtiles) character file.

623 4thArraOfDagon the Firebug (level 7, -2/41 HPs)
             Began as a Vampire Fire Elementalist on Nov 29, 2017.
             Was a Believer of Hepliaklqana.
             Slain by a centaur (3 damage)
             ... on level 4 of the Dungeon.
             The game lasted 00:11:22 (1947 turns).

4thArraOfDagon the Firebug (VpFE)                   Turns: 1947, Time: 00:11:23

Health: -2/41      AC:  3    Str:  7    XL:     7   Next: 22%
Magic:  12/12      EV: 12    Int: 20    God:    Hepliaklqana [**....]
Gold:   120        SH:  4    Dex: 14    Spells: 3/13 levels left

rFire    + . .     SeeInvis +   n - +1 long sword (freeze)
rCold    x . .     Gourm    .   (no shield)
rNeg     . . .     Faith    .   a - +1 robe
rPois    .         Spirit   .   (no helmet)
rElec    .         Reflect  +   (no cloak)
rCorr    .         Harm     .   (no gloves)
MR       .....                  (no boots)
Stlth    ++........             h - +4 amulet of reflection
HPRegen  0.33/turn              f - ring of fire
MPRegen  0.13/turn              (no ring)

@: regenerating quickly
A: reduced essence, fangs 3, see invisible, unbreathing
a: Ancestor Life: Knight, Ancestor Life: Battlemage, Ancestor Life: Hexer,
Recall Ancestor, Ancestor Identity, Renounce Religion


You were on level 4 of the Dungeon.
You worshipped Hepliaklqana.
Hepliaklqana was pleased with you.
You were almost alive.

You visited 1 branch of the dungeon, and saw 4 of its levels.

You collected 120 gold pieces.

Inventory:

Hand Weapons
 n - a +1 long sword of freezing (weapon)
Missiles
 l - a throwing net (quivered)
Armour
 a - a +1 robe (worn)
 d - a +0 helmet
Jewellery
 f - a ring of fire (left hand)
 h - a +4 amulet of reflection (around neck)
Scrolls
 p - a scroll of fear {unknown}
 q - 2 scrolls of immolation {unknown}
Potions
 c - 25 potions of blood
 e - a potion of degeneration {unknown}
 i - a potion of invisibility {unknown}
 j - 2 potions of flight {unknown}
 k - 4 potions of curing {unknown}
 m - a potion of magic {unknown}
 o - a potion of heal wounds {unknown}
Books
 b - a book of Flames

   Spells                             Type                      Level
   a - Flame Tongue                   Conjuration/Fire             1
   b - Throw Flame                    Conjuration/Fire             2
   c - Conjure Flame                  Conjuration/Fire             3
   d - Inner Flame                    Hexes/Fire                   3
   e - Sticky Flame                   Conjuration/Fire             4
   f - Fireball                       Conjuration/Fire             5
 g - a book of Minor Magic

   Spells                             Type                      Level
   a - Magic Dart                     Conjuration                  1
   b - Blink                          Translocation                2
   c - Call Imp                       Summoning                    2
   d - Slow                           Hexes                        2
   e - Conjure Flame                  Conjuration/Fire             3
   f - Mephitic Cloud                 Conjuration/Poison/Air       3


   Skills:
 - Level 2.1 Dodging
 - Level 3.0 Stealth
 + Level 3.6 Spellcasting
 * Level 3.7 Conjurations
 * Level 4.7 Fire Magic


You had 3 spell levels left.
You knew the following spells:

 Your Spells              Type           Power        Failure   Level  Hunger
a - Flame Tongue          Conj/Fire      ####.        2%          1    None
b - Conjure Flame         Conj/Fire      ####....     7%          3    ###....
c - Sticky Flame          Conj/Fire      ####....     22%         4    ####...
d - Blink                 Tloc           N/A          21%         2    ##.....


Dungeon Overview and Level Annotations

Branches:
Dungeon (4/15)
 Temple: D:4-7

Altars:
Ashenzari
Hepliaklqana
Nemelex Xobeh
Okawaru


Innate Abilities, Weirdness & Mutations

Your natural rate of healing is unusually fast.
You have razor-sharp teeth.
You have supernaturally acute eyesight. (SInv)
You can survive without breathing.
Your life essence is reduced to manifest your ancestor. (-10% HP)


Message History

A centaur comes into view.
Unknown command.
Unknown command.
Unknown command.
The centaur shouts!
The centaur wields a shortbow.
The centaur shoots an arrow.
The arrow hits you!
The centaur shoots an arrow.
The arrow hits you!
Unknown command.
The centaur shoots an arrow.
The arrow completely misses you.
Unknown command.
The centaur shoots an arrow.
The arrow hits you!
* * * LOW HITPOINT WARNING * * *
You see here an arrow.
Unknown command.
Unknown command.
The centaur unwields an uncursed shortbow.
The centaur hits you.
* * * LOW HITPOINT WARNING * * *
The centaur hits you.
You die...

#.# #.# #.# #.#
######+###### #.#
#.......(...# #.#
#...........###.###
#.@(R...........)..
#c..........###.#..
#...........# #.+..
############# ###..
#.. ###


You could see the friendly Tiberia the ancestor and a centaur.

Vanquished Creatures
  Sigmund (D:2)
  An orc priest (D:3)
  A hound (D:4)
  A bullfrog skeleton (D:3)
  An orc wizard (D:3)
  2 worker ants
  Robin (D:2)
  4 gnolls (D:2)
  An adder (D:3)
  2 worms (D:3)
  2 dart slugs
  10 orcs
  4 giant cockroaches
  11 goblins
  8 hobgoblins
  13 jackals
  2 quokkas
  7 bats
  4 frilled lizards
  6 kobolds
  8 rats
90 creatures vanquished.

Vanquished Creatures (collateral kills)
  A scorpion (D:4)
  A worker ant (D:4)
  2 adders
  2 dart slugs (D:1)
  A leopard gecko (D:2)
  4 orcs (D:3)
  A bat (D:1)
  A giant cockroach (D:3)
  7 goblins
  2 hobgoblins (D:2)
  6 jackals
  3 kobolds
  2 frilled lizards
  2 rats
35 creatures vanquished.

Vanquished Creatures (others)
  3 ancestors (D:2)
3 creatures vanquished.

Grand Total: 128 creatures vanquished

Notes
Turn   | Place    | Note
-------+----------+-------------------------------------------
     0 | D:1      | 4thArraOfDagon the Vampire Fire Elementalist began the quest for the Orb.
     0 | D:1      | Reached XP level 1. HP: 13/13 MP: 3/3
   150 | D:1      | Reached skill level 1 in Conjurations
   187 | D:1      | Reached XP level 2. HP: 18/19 MP: 1/5
   331 | D:2      | Reached XP level 3. HP: 24/24 MP: 1/6
   336 | D:2      | Reached skill level 3 in Fire Magic
   364 | D:2      | magipi: wiw
   373 | D:2      | magipi: wow
   376 | D:2      | Found a hazy altar of Hepliaklqana.
   389 | D:2      | Became a worshipper of Hepliaklqana the Forgotten
   474 | D:2      | Learned a level 3 spell: Conjure Flame
   480 | D:2      | Noticed Robin
   506 | D:2      | Killed Robin
   575 | D:2      | Reached XP level 4. HP: 24/27 MP: 1/7
   594 | D:2      | magipi: thus d2 is insane
   696 | D:2      | 4thArraOfDagon: and what a rewards!
  1024 | D:2      | Noticed Sigmund
  1047 | D:2      | Killed Sigmund
  1047 | D:2      | Reached skill level 4 in Fire Magic
  1047 | D:2      | Reached XP level 5. HP: 17/31 MP: 2/9
  1047 | D:2      | Reached XP level 6. HP: 20/36 MP: 2/10
  1064 | D:2      | Learned a level 4 spell: Sticky Flame
  1093 | D:2      | Found an iron altar of Okawaru.
  1142 | D:2      | Reached * piety under Hepliaklqana
  1246 | D:2      | Learned a level 2 spell: Blink
  1273 | D:3      | Found a sparkling altar of Nemelex Xobeh.
  1455 | D:3      | Found a shattered altar of Ashenzari.
  1714 | D:4      | Reached XP level 7. HP: 35/41 MP: 7/12
  1867 | D:4      | Reached ** piety under Hepliaklqana
  1947 | D:4      | HP: 1/41 [centaur (6)]
  1947 | D:4      | Slain by a centaur

Vault maps used:
D:1:      ncdulo_smallfort, minmay_misc_feat_room
D:2:      lemuel_doored_altar, old_standard_altar,
          hangedman_decor_clover_reticule, uniq_sigmund, uniq_robin
D:3:      old_standard_altar, lemuel_zombie_altar_yredelemnul,
          nemelex_lonely_heart_becter

Skill      XL: |  1  2  3  4  5  6 |
---------------+-------------------+-----
Conjurations   | 1 2 3 |  3.7
Fire Magic     | 3 4 |  4.7
Spellcasting   | 3 |  3.6
Dodging        | |  2.1
Stealth        | |  3.0

Action                   |  1- 3 |  4- 6 |  7- 9 || total
-------------------------+-------+-------+-------++-------
Melee: Unarmed           |   100 |   115 |       ||   215
       Bite              |     6 |    13 |     1 ||    20
       Long sword        |       |    14 |    17 ||    31
 Cast: Flame Tongue      |    38 |    70 |     2 ||   110
       Sticky Flame      |       |     3 |     2 ||     5
Invok: Recall Ancestor   |       |       |     1 ||     1
  Use: Scroll            |     1 |       |       ||     1
       Potion            |     1 |       |       ||     1
 Stab: Distracted        |       |     2 |       ||     2
       Sleeping          |       |     3 |       ||     3
  Eat: Corpse            |     9 |     6 |     3 ||    18
Armor: Robe              |    50 |    39 |     8 ||    97
       Skin              |    17 |       |       ||    17
Dodge: Dodged            |   108 |    83 |    25 ||   216
Block: Other             |       |    23 |     2 ||    25
       Reflection        |       |     2 |       ||     2
       Rpst.: Long sword |       |     2 |     8 ||    10

Table legend:
 A = Spawn XP
 B = Non-spawn XP
 C = Spawn XP percentage of total XP
 D = Spawn monster count
 E = Non-spawn monster count
 F = Spawn count percentage of total count
 G = Total turns spent on level
                    A         B        C        D         E        F      G
               +---------+---------+-------+---------+---------+-------+---------
         Total |       0 |     890 |   0.0 |       0 |     125 |   0.0 |  1947
               +---------+---------+-------+---------+---------+-------+---------
           D:1 |       0 |      67 |   0.0 |       0 |      38 |   0.0 |   605
           D:2 |       0 |     402 |   0.0 |       0 |      40 |   0.0 |   647
           D:3 |       0 |     226 |   0.0 |       0 |      38 |   0.0 |   445
           D:4 |       0 |     195 |   0.0 |       0 |       9 |   0.0 |   250
               +---------+---------+-------+---------+---------+-------+---------
